Map: Orbital Shipyard

Players

Sziky

  • Race: Zerg Zerg
  • League: Grandmaster

MorroW - Winner!

  • Race: Protoss Protoss
  • League: Grandmaster

VOD

Have the link to the VOD?

Description

Time

  • Played on: Feb. 26, 2016, 10:33 a.m.
  • Length: 10:31
Show
View Real Time Build Order
Export as new Build Order

Sziky Zerg 

Build Orders: Hatch First 

Get SALT Encoding   

  12  0:01  Drone  
  13  0:12  Overlord  
  13  0:17  Drone  
  14  0:31  Drone x2  
  16  0:35  Drone  
  17  0:55  Hatchery, Drone  
  17  0:58  Drone  
  18  1:09  Extractor  
  17  1:12  Spawning Pool  
  17  1:15  Drone  
  17  1:18  Drone  
  18  1:29  Drone  
  19  1:40  Overlord  
  19  1:59  Zergling x2, Queen  
  19  2:00  Zergling x2  
  23  2:07  Queen  
  23  2:08  Drone  
  26  2:11  Drone  
  27  2:16  Metabolic Boost  
  27  2:20  Drone  
  28  2:26  Drone  
  29  2:30  Drone  
  29  2:32  Drone  
  31  2:41  Drone  
  32  2:47  Drone, Hatchery  
  32  2:50  Queen  
  34  2:52  Drone  
  34  2:54  Drone  
  36  3:01  Overlord  
  36  3:17  Overlord  
  36  3:20  Zergling x6  
  36  3:21  Zergling x2, Drone x3  
  44  3:27  Drone  
  44  3:31  Overlord  
  44  3:34  Queen  
  44  3:38  Drone  
  44  3:40  Drone  
  48  3:47  Drone  
  49  3:48  Drone x2  
  49  3:51  Drone x3, Extractor  
  49  3:52  Extractor  
  49  3:54  Drone x2  
  54  4:00  Drone  
  54  4:03  Queen  
  54  4:05  Drone x2  
  58  4:15  Overlord  
  58  4:16  Overlord x2  
  58  4:26  Overlord  
  58  4:31  Spore Crawler  
  58  4:33  Lair, Spore Crawler  
  58  4:34  Spore Crawler  
  58  4:36  Drone x5  
  60  4:39  Queen  
  60  4:43  Drone x3  
  65  4:47  Drone  
  65  4:50  Drone x2  
  65  4:52  Drone x2  
  70  4:55  Drone x2  
  70  4:59  Drone  
  74  5:00  Drone x2  
  74  5:06  Drone x2  
  77  5:12  Extractor  
  77  5:14  Drone x5, Extractor  
  77  5:15  Pneumatized Carapace  
  79  5:23  Evolution Chamber  
  79  5:25  Roach Warren, Drone  
  79  5:27  Drone x2  
  80  5:32  Overlord  
  80  5:33  Overlord  
  79  5:48  Zerg Missile Weapons Level 1  
  79  5:49  Drone x2, Extractor  
  80  5:50  Drone  
  81  5:58  Queen  
  82  6:04  Drone x3  
  82  6:05  Drone  
  82  6:06  Drone x2  
  82  6:11  Glial Reconstitution  
  87  6:16  Hatchery  
  85  6:18  Hydralisk Den  
  85  6:20  Drone x5  
  85  6:21  Drone x2  
  87  6:27  Drone x2  
  87  6:31  Spore Crawler  
  87  6:32  Spore Crawler  
  87  6:37  Drone x2  
  87  6:39  Overlord x2  
  89  6:40  Overlord  
  89  6:42  Roach x4  
  89  6:43  Overlord x2  
  97  6:47  Overlord  
  97  6:52  Muscular Augments  
  97  6:57  Overlord  
  97  6:59  Roach  
  97  7:00  Roach x4  
  106  7:03  Hydralisk  
  106  7:06  Hydralisk  
  110  7:10  Hydralisk x3  
  110  7:11  Hydralisk  
  110  7:14  Hydralisk x2  
  122  7:16  Ravager x3  
  122  7:17  Evolution Chamber, Ravager  
  122  7:18  Hydralisk  
  122  7:20  Hydralisk  
  129  7:22  Hydralisk  
  129  7:26  Hydralisk x2  
  135  7:32  Drone x4  
  135  7:35  Drone x2  
  141  7:44  Drone  
  141  7:45  Drone x2, Zerg Missile Weapons Level 2  
  141  7:47  Zerg Ground Armor Level 1, Extractor  
  141  7:50  Extractor  
  143  7:51  Drone x2  
  143  7:53  Drone x2, Spore Crawler  
  143  7:58  Drone  
  146  8:00  Drone  
  146  8:04  Hydralisk x3  
  153  8:13  Hydralisk x2  
  153  8:15  Drone  
  153  8:19  Hydralisk  
  158  8:22  Overlord x2  
  158  8:25  Overlord  
  160  8:30  Spore Crawler, Overlord  
  159  8:34  Overlord x3  
  159  8:41  Infestation Pit  
  159  8:42  Drone x3  
  159  8:43  Drone x3  
  159  8:46  Spine Crawler  
  159  8:47  Spine Crawler  
  159  8:48  Hydralisk x2, Spine Crawler  
  161  8:50  Roach x4  
  161  8:51  Roach  
  161  8:55  Roach x2  
  179  8:56  Roach  
  179  8:58  Roach  
  179  8:59  Roach  
  179  9:01  Roach x2  
  186  9:04  Roach  
  186  9:05  Roach  
  190  9:29  Roach  
  190  9:30  Roach  
  190  9:31  Roach x2  
  198  9:36  Ravager  
  199  9:38  Overlord  
  199  9:49  Overlord  
  199  10:01  Hatchery  
  198  10:07  Hydralisk Den  
Show
View Real Time Build Order
Export as new Build Order

MorroW Protoss - Winner!

Build Orders: 1 Gate Expand, Phoenix Opening 

Get SALT Encoding   

  12  0:01  Probe (Chrono Boost)  
  13  0:11  Probe (Chrono Boost)  
  14  0:17  Pylon  
  14  0:22  Probe (Chrono Boost)  
  15  0:36  Probe (Chrono Boost)  
  15  0:37  Gateway  
  15  0:42  Assimilator  
  16  0:46  Probe (Chrono Boost)  
  18  0:57  Probe (Chrono Boost)  
  18  1:07  Probe (Chrono Boost)  
  19  1:23  Nexus  
  19  1:26  Probe (Chrono Boost)  
  20  1:37  Cybernetics Core  
  20  1:38  Probe (Chrono Boost)  
  21  1:43  Assimilator  
  21  1:49  Probe (Chrono Boost)  
  22  1:56  Pylon  
  22  1:59  Probe (Chrono Boost)  
  23  2:14  Probe (Chrono Boost)  
  23  2:15  Adept (Chrono Boost)  
  26  2:16  Warp Gate  
  26  2:26  Probe  
  27  2:33  Stargate  
  27  2:35  Probe (Chrono Boost)  
  28  2:38  Probe (Chrono Boost)  
  28  2:40  Adept  
  31  2:47  Probe (Chrono Boost)  
  31  2:49  Probe (Chrono Boost)  
  33  2:59  Probe (Chrono Boost)  
  33  3:00  Mothership Core (Chrono Boost)  
  36  3:07  Adept  
  36  3:09  Probe (Chrono Boost)  
  39  3:18  Probe (Chrono Boost)  
  40  3:20  Probe (Chrono Boost), Phoenix  
  43  3:29  Probe (Chrono Boost)  
  43  3:30  Pylon  
  43  3:31  Probe (Chrono Boost)  
  45  3:38  Nexus  
  45  3:39  Probe (Chrono Boost)  
  46  3:47  Probe (Chrono Boost)  
  46  3:48  Phoenix (Chrono Boost)  
  49  3:49  Probe  
  49  3:52  Pylon  
  50  3:57  Probe  
  50  4:02  Probe  
  52  4:08  Gateway  
  52  4:10  Gateway  
  52  4:14  Probe  
  52  4:15  Probe  
  54  4:18  Phoenix (Chrono Boost)  
  54  4:21  Assimilator  
  54  4:22  Assimilator  
  54  4:23  Pylon  
  56  4:28  Probe  
  56  4:29  Probe  
  58  4:38  Probe  
  58  4:40  Phoenix (Chrono Boost)  
  58  4:41  Probe  
  58  4:44  Robotics Facility  
  62  4:49  Probe  
  63  4:53  Probe  
  63  4:56  Probe  
  63  4:59  Sentry, Probe  
  67  5:02  Phoenix (Chrono Boost)  
  67  5:04  Pylon  
  67  5:05  Probe  
  71  5:07  Probe  
  71  5:08  Forge  
  71  5:10  Probe  
  73  5:17  Probe  
  73  5:18  Probe  
  73  5:20  Probe  
  75  5:23  Phoenix (Chrono Boost)  
  75  5:28  Probe  
  78  5:30  Probe  
  78  5:31  Probe  
  78  5:33  Robotics Facility  
  81  5:36  Protoss Ground Weapons Level 1 (Chrono Boost)  
  81  5:39  Observer  
  81  5:41  Zealot x2  
  81  5:42  Probe, Zealot  
  89  5:46  Probe (Chrono Boost)  
  89  5:48  Probe (Chrono Boost), Assimilator  
  91  5:50  Assimilator  
  91  5:54  Probe (Chrono Boost)  
  91  5:55  Pylon  
  92  5:57  Pylon  
  92  5:59  Probe (Chrono Boost)  
  93  6:10  Pylon  
  93  6:12  Pylon  
  93  6:13  Immortal (Chrono Boost), Twilight Council  
  93  6:15  Probe (Chrono Boost)  
  98  6:25  Immortal (Chrono Boost)  
  102  6:33  Gateway  
  102  6:34  Gateway  
  102  6:37  Gateway  
  102  6:48  Charge (Chrono Boost)  
  102  6:50  Immortal (Chrono Boost)  
  102  6:51  Pylon  
  102  6:53  Gateway x2  
  106  6:58  Zealot  
  106  6:59  Zealot x2  
  112  7:04  Observer (Chrono Boost)  
  113  7:14  Nexus  
  113  7:15  Templar Archives  
  113  7:18  Pylon  
  113  7:19  Sentry  
  113  7:21  Warp Prism (Chrono Boost)  
  117  7:23  Zealot x2  
  121  7:38  Zealot x3  
  121  7:40  Photon Cannon  
  121  7:43  Immortal (Chrono Boost)  
  131  7:48  Zealot x5  
  141  7:53  Protoss Ground Weapons Level 2  
  141  7:58  Psionic Storm, Pylon  
  141  7:59  Pylon  
  141  8:02  Pylon  
  141  8:16  Immortal, High Templar  
  141  8:17  High Templar x3  
  153  8:25  Pylon  
  153  8:27  Pylon  
  153  8:29  Pylon  
  153  8:30  Probe  
  153  8:31  Probe x2  
  156  8:37  High Templar x2  
  156  8:38  Assimilator  
  156  8:41  Warp Prism  
  160  8:42  Probe  
  160  8:44  Assimilator  
  163  8:49  Zealot  
  163  8:50  Zealot x5  
  175  8:55  Photon Cannon  
  175  8:56  Photon Cannon  
  175  8:59  Photon Cannon  
  169  9:11  Zealot x6  
  177  9:25  High Templar x2  
  177  9:29  Archon  
  181  9:34  High Templar  
  181  9:35  High Templar x3  
  181  9:36  Zealot x2  
  193  9:39  Archon  
  193  9:40  Archon  
  181  10:00  Gateway  
  181  10:01  Gateway x2  
  181  10:03  Gateway  
  147  10:25  Zealot x8  
Tags
 
Add a new tag
Caveats
  • Supply blocks, unpowered buildings, or Contaminate may cause inaccurate times.
  • Supply counts are checked every 10 seconds.